 Dungeon Crawl Stone Soup version 0.26.0-45-g9c1d065592 (webtiles) character file.

Game seed: 4958399317638227742

38811 Jerry the Basher (level 13, -41/135 HPs)
             Began as a Troll Gladiator on Jan 29, 2021.
             Was an Initiate of Gozag.
             Annihilated by a very large slime creature (58 damage)
             ... on level 12 of the Dungeon.
             The game lasted 01:12:04 (18021 turns).

Jerry the Basher (Troll Gladiator)                 Turns: 18021, Time: 01:12:05

Health: -41/135    AC: 16    Str: 30    XL:     13   Next: 65%
Magic:  12/12      EV: 11    Int:  7    God:    Gozag
Gold:   3128       SH:  0    Dex: 12    Spells: 12/12 levels left

rFire    . . .     SeeInvis +   u - +8 lajatang "Keik" {holy, Str+5 SInv}
rCold    . . .     Faith    .   (shield currently unavailable)
rNeg     . . .     Spirit   .   K - +2 troll leather armour of Death Resistance {rPois Regen+}
rPois    +         Reflect  .   c - +1 hat
rElec    .         Harm     .   (no cloak)
rCorr    .         Rampage  .   (gloves unavailable)
Will     .....                  (boots unavailable)
Stlth    ++........             h - amulet of magic regeneration
HPRegen  1.12/turn              A - +4 ring of protection
MPRegen  0.38/turn              o - +4 ring of slaying

@: no status effects
A: large, unfitting armour, claws 3, regeneration 1, shaggy fur 1, tough skin 3
a: Renounce Religion, Potion Petition, Call Merchant, Bribe Branch


You were on level 12 of the Dungeon.
You worshipped Gozag.
Gozag was most pleased with you.
You visited 3 branches of the dungeon, and saw 17 of its levels.

You collected 4559 gold pieces.
You spent 1360 gold pieces at shops.
You paid 71 gold pieces to Gozag.

Inventory:

Hand Weapons
 a - a +0 flail
 g - a +2 vampiric whip
 u - the +8 lajatang "Keik" (weapon) {holy, Str+5 SInv}
   (You found it on level 2 of the Lair of Beasts)

   It has been blessed by the Shining One to cause great damage to the undead
   and demons.
   It affects your strength (+5).
   It lets you see invisible.
 P - a +2 lajatang of venom
 Q - a +2 morningstar of protection
Armour
 c - a +1 hat (worn)
 y - +1 shadow dragon scales
 K - the +2 troll leather armour of Death Resistance (worn) {rPois Regen+}
   (You bought it in a shop on level 9 of the Dungeon)

   It protects you from poison.
   It increases your rate of regeneration.
 R - the +2 robe of the Butcher {rElec}
   (You took it off a kobold on level 11 of the Dungeon)

   It insulates you from electricity.
Jewellery
 d - an uncursed ring of protection from cold
 h - an amulet of magic regeneration (around neck)
 i - an uncursed ring of ice
 j - an uncursed ring of flight
 o - a +4 ring of slaying (right claw)
 x - an uncursed ring of wizardry
 A - a +4 ring of protection (left claw)
 G - an uncursed ring of protection from cold
 O - an uncursed ring of positive energy {unknown}
 S - a +4 ring of protection
 V - a +4 ring of protection
Wands
 b - a wand of paralysis (18)
 q - a wand of iceblast (8)
 v - a wand of flame (9)
 B - a wand of enslavement (12)
 C - a wand of digging (16)
 U - a wand of acid (9)
Scrolls
 e - 5 scrolls of amnesia
 p - 2 scrolls of teleportation
 E - a scroll of summoning
 F - 3 scrolls of remove curse
 H - a scroll of identify
 I - 3 scrolls of magic mapping
 L - 2 scrolls of fear
 M - 3 scrolls of enchant weapon
 N - a scroll of enchant armour
 T - a scroll of silence {unknown}
Potions
 f - a potion of invisibility
 k - 4 potions of attraction
 l - 11 potions of curing
 m - 5 potions of haste
 n - 3 potions of brilliance
 r - 2 potions of mutation
 s - 3 potions of ambrosia
 t - a potion of flight {unknown}
 w - a potion of magic
 z - a potion of resistance {unknown}
 D - 5 potions of heal wounds
 J - 2 potions of might


   Skills:
 - Level 10.4 Fighting
 - Level 12.0(13.0) Maces & Flails
 * Level 8.3(10.8) Staves
 - Level 4.6 Throwing
 + Level 9.5 Armour
 - Level 3.6 Dodging
 + Level 1.6 Stealth


You had 12 spell levels left.
You didn't know any spells.
Your spell library contained the following spells:

 Spells                   Type           Power        Failure   Level
 Animate Skeleton         Necr           0%           45%         1
 Magic Dart               Conj           0%           45%         1
 Pain                     Necr           0%           45%         1
 Shock                    Conj/Air       0%           45%         1
 Sting                    Tmut/Pois      0%           45%         1
 Summon Small Mammal      Summ           0%           45%         1
 Blink                    Tloc           N/A          58%         2
 Call Imp                 Summ           0%           58%         2
 Poisonous Vapours        Pois/Air       0%           58%         2
 Slow                     Hex            0%           58%         2
 Sublimation of Blood     Necr           0%           58%         2
 Swiftness                Air            0%           58%         2
 Call Canine Familiar     Summ           0%           83%         3
 Confusing Touch          Hex            0%           83%         3
 Conjure Flame            Conj/Fire      0%           83%         3
 Gell's Gravitas          Tloc           0%           83%         3
 Ignite Poison            Fire/Tmut/Pois 0%           83%         3
 Mephitic Cloud           Conj/Pois/Air  0%           83%         3
 Static Discharge         Conj/Air       0%           83%         3
 Summon Guardian Golem    Hex/Summ       0%           83%         3
 Airstrike                Air            0%           99%         4
 Cause Fear               Hex            0%           99%         4
 Olgreb's Toxic Radiance  Pois           0%           99%         4
 Petrify                  Tmut/Erth      0%           99%         4
 Summon Ice Beast         Ice/Summ       0%           99%         4
 Summon Lightning Spire   Summ/Air       0%           99%         4
 Bolt of Magma            Conj/Fire/Erth 0%           100%        5
 Irradiate                Conj/Tmut      0%           100%        5
 Iskenderun's Battlesphe  Conj           0%           100%        5
 Lightning Bolt           Conj/Air       0%           100%        5
 Metabolic Englaciation   Hex/Ice        0%           100%        5
 Silence                  Hex/Air        0%           100%        5
 Yara's Violent Unravell  Hex/Tmut       0%           100%        5
 Hydra Form               Tmut           0%           100%        6
 Iron Shot                Conj/Erth      0%           100%        6
 Statue Form              Tmut/Erth      0%           100%        6
 Dragon Form              Tmut           0%           100%        7
 Orb of Destruction       Conj           0%           100%        7
 Spellforged Servitor     Conj/Summ      0%           100%        7
 Discord                  Hex            0%           100%        8


Dungeon Overview and Level Annotations

Branches:
Dungeon (12/15)            Temple (1/1) D:4            Lair (4/6) D:8
    Orc (0/2) D:11
  Swamp: Lair:2-4    Shoals: Lair:2-4     Snake: Lair:2-4    Spider: Lair:2-4

Altars:
Ashenzari
Cheibriados
Dithmenos
Elyvilon
Fedhas
Gozag
Hepliaklqana
Kikubaaqudgha
Makhleb
Nemelex Xobeh
Okawaru
Qazlal
Ru
Sif Muna
Trog
Uskayaw
Vehumet
Wu Jian
Xom
Yredelemnul
Zin
The Shining One

Shops:
D:7 [   D:9 [


Innate Abilities, Weirdness & Mutations

You are too large for most types of armour.
You have claws for hands.
Your natural rate of healing is unusually fast.
You are covered in fur. (AC +1)
You have extremely tough skin. (AC +3)


Message History

The very large slime creature is severely wounded.
You hit the very large slime creature.
The very large slime creature is severely wounded.
The very large slime creature hits you!!!
You are too injured to fight recklessly!
You are too injured to fight recklessly!
You are too injured to fight recklessly!
You are too injured to fight recklessly!
You slash the very large slime creature!
The very large slime creature is severely wounded.
The very large slime creature closely misses you.
You slash the very large slime creature!
The very large slime creature is severely wounded.
The very large slime creature hits you!!!
* * * LOW HITPOINT WARNING * * *
You slash the very large slime creature!
The very large slime creature is severely wounded.
The very large slime creature hits you!!!
You die...
Your body crumbles into a pile of gold.

#.#########'#### #$# #.#
#.....# #.# ###.#
#.....####.# #...#
#.....#....# ....#
#.....#....# #...#
#.....#....#######. #...#
##.####....#....... #...#
#######.####....#.......
#...#
..........@J............
#####
#######.####....#.......
#.# #....#....... #.#
#..###.......### #.#
#..#########...! #.#
#.......# ##.... #.#
#.......###.....
######.####.......##......
........$..........#.......


You could see a very large slime creature.

Vanquished Creatures
  Fannar (Lair:1)
  A centaur warrior (D:10)
  4 hydras
  6 two-headed ogres
  A lindwurm (Lair:2)
  An ugly thing (D:10)
  A cyclops (D:12)
  5 elephants
  A black mamba (Lair:3)
  2 centaur skeletons (D:11)
  7 cane toads
  Psyche (D:8)
  A gargoyle (D:10)
  3 rime drakes
  13 komodo dragons
  A hornet (D:11)
  2 trolls (D:9)
  4 polar bears
  7 slime creatures
  12 blink frogs
  A shadow (D:11)
  2 wyverns
  2 basilisks
  34 yaks
  Eustachio (D:4)
  5 vampire mosquitoes (D:12)
  3 steam dragons
  An acid dragon (D:11)
  6 water moccasins
  6 orc warriors
  7 ice beasts
  3 phantoms
  5 sky beasts
  2 black bears
  8 wolves
  5 ogres
  2 centaurs
  3 big kobolds
  20 bullfrogs
  2 wyvern zombies
  A water moccasin zombie (D:10)
  A wyvern skeleton (D:10)
  7 scorpions
  9 killer bees
  4 wights (D:11)
  10 howler monkeys
  A crimson imp (D:6)
  2 quasits (D:10)
  6 orc priests
  2 bullfrog zombies (D:9)
  4 hounds
  4 jellies
  2 bullfrog skeletons
  A gnoll shaman (D:10)
  4 orc wizards
  An iguana (D:11)
  8 worker ants
  2 hound skeletons (D:10)
  A howler monkey zombie (D:8)
  A worker ant zombie (D:8)
  Robin (D:4)
  8 gnolls
  16 adders
  5 white imps
  3 ufetubi
  4 adder skeletons
  2 worms (D:3)
  A dart slug (D:1)
  8 leopard geckos
  44 orcs
  6 giant cockroaches
  15 goblins
  10 hobgoblins
  14 jackals
  21 kobolds
  7 quokkas
  5 bats
  3 frilled lizards
  A jackal skeleton (D:4)
  A leopard gecko skeleton (D:6)
  A leopard gecko zombie (D:6)
  A quokka zombie (D:5)
  9 rats
449 creatures vanquished.

Vanquished Creatures (others)
  A sky beast (D:7)
  A jackal (D:5)
  26 fungi
  26 plants
54 creatures vanquished.

Grand Total: 503 creatures vanquished

Notes
Turn   | Place    | Note
-------+----------+-------------------------------------------
     0 | D:1      | Jerry the Troll Gladiator began the quest for the Orb.
     0 | D:1      | Reached XP level 1. HP: 19/19 MP: 0/0
    67 | D:1      | Reached skill level 3 in Maces & Flails
    67 | D:1      | Reached XP level 2. HP: 27/28 MP: 1/1
   467 | D:1      | Reached XP level 3. HP: 35/35 MP: 2/2
  1303 | D:2      | Found a stormy altar of Qazlal.
  1496 | D:3      | Reached XP level 4. HP: 42/42 MP: 3/3
  1522 | D:3      | Reached skill level 4 in Maces & Flails
  1576 | D:3      | Found an ornate altar of the Wu Jian Council.
  1671 | D:3      | Reached XP level 5. HP: 50/50 MP: 4/4
  2293 | D:4      | Found a staircase to the Ecumenical Temple.
  2302 | Temple   | Entered the Ecumenical Temple
  2348 | Temple   | Became a worshipper of Gozag Ym Sagoz the Greedy
  2646 | D:4      | Noticed a phantom
  2712 | D:4      | Killed a phantom
  2713 | D:4      | Reached skill level 5 in Maces & Flails
  2713 | D:4      | Reached XP level 6. HP: 38/61 MP: 5/5
  2803 | D:4      | Noticed Eustachio
  2846 | D:4      | Noticed Robin
  3033 | D:4      | Killed Robin
  3109 | D:4      | Reached XP level 7. HP: 31/67 MP: 6/6
  3363 | D:4      | Found a sparkling altar of Nemelex Xobeh.
  3695 | D:5      | Entered Level 5 of the Dungeon
  4004 | D:5      | Reached skill level 6 in Maces & Flails
  4405 | D:5      | Reached XP level 8. HP: 76/78 MP: 7/7
  4510 | D:5      | Noticed a +0 dagger
  4511 | D:5      | Noticed a +0 hand axe
  4513 | D:5      | Found a hide-covered altar of Uskayaw.
  4761 | D:4      | Killed Eustachio
  4991 | D:6      | Reached skill level 7 in Maces & Flails
  5100 | D:6      | Found a radiant altar of Vehumet.
  5100 | D:6      | Found a burning altar of Makhleb.
  5850 | D:7      | Found Soiryr's Armour Shoppe.
  6003 | D:7      | Reached skill level 5 in Fighting
  6003 | D:7      | Reached skill level 8 in Maces & Flails
  6217 | D:7      | Reached XP level 9. HP: 82/88 MP: 8/8
  6340 | D:6      | Reached skill level 1 in Armour
  6851 | D:7      | Bought +0 shadow dragon scales for 1040 gold pieces
  7051 | D:7      | Reached skill level 9 in Maces & Flails
  7417 | D:7      | Found a glowing silver altar of Zin.
  7436 | D:7      | Found a broken altar of Ashenzari.
  8083 | D:8      | Found a staircase to the Lair.
  8474 | D:8      | Noticed Psyche
  8494 | D:8      | Killed Psyche
  8495 | D:8      | Reached XP level 10. HP: 84/98 MP: 9/9
  8988 | D:9      | Reached skill level 10 in Maces & Flails
  9438 | D:9      | Found a bloodstained altar of Trog.
  9476 | D:9      | Found Gicaw's Antique Armour Boutique.
  9489 | D:9      | Noticed a two-headed ogre
  9627 | D:8      | Killed a two-headed ogre
  9654 | Lair:1   | Entered Level 1 of the Lair of Beasts
  9787 | Lair:1   | Noticed a cane toad
  9802 | Lair:1   | Noticed a cane toad
  9911 | Lair:1   | Reached skill level 11 in Maces & Flails
 10394 | Lair:1   | Noticed a cane toad
 10431 | Lair:1   | Killed a cane toad
 10432 | Lair:1   | Reached skill level 5 in Armour
 10621 | Lair:1   | Killed a cane toad
 10622 | Lair:1   | Reached XP level 11. HP: 66/109 MP: 10/10
 12073 | Lair:2   | Noticed a lindwurm
 12120 | Lair:2   | Killed a lindwurm
 12121 | Lair:2   | Reached skill level 12 in Maces & Flails
 12203 | Lair:2   | Got a steaming lajatang
 12204 | Lair:2   | Identified the +8 lajatang "Keik" {holy, Str+5 SInv} (You
                  | found it on level 2 of the Lair of Beasts)
 12395 | Lair:2   | Reached skill level 1 in Staves
 12723 | Lair:2   | Noticed a five-headed hydra
 12794 | Lair:2   | Noticed Fannar
 12820 | Lair:1   | Killed Fannar
 12932 | Lair:2   | Reached XP level 12. HP: 122/122 MP: 11/11
 13159 | Lair:2   | Killed a five-headed hydra
 13710 | Lair:3   | Identified the Papyrus of Necromancy
 13741 | Lair:3   | Noticed a seven-headed hydra
 13773 | Lair:3   | Killed a seven-headed hydra
 14150 | Lair:3   | Reached skill level 5 in Staves
 14509 | Lair:4   | Noticed a four-headed hydra
 14916 | D:9      | Found a white marble altar of Elyvilon.
 15079 | D:9      | Noticed a two-headed ogre
 15086 | D:9      | Killed a two-headed ogre
 15500 | D:9      | Bought a distressingly furry troll leather armour for 320
                  | gold pieces
 15501 | D:9      | Identified the +2 troll leather armour of Death Resistance
                  | {rPois Regen+} (You bought it in a shop on level 9 of the
                  | Dungeon)
 15516 | D:10     | Entered Level 10 of the Dungeon
 15549 | D:10     | Reached skill level 10 in Fighting
 15621 | D:10     | Noticed a two-headed ogre
 15631 | D:10     | Killed a two-headed ogre
 15632 | D:10     | Reached XP level 13. HP: 128/133 MP: 12/12
 15738 | D:10     | Identified the +6 short sword of Disorder {vorpal, Int+4}
 16868 | D:11     | Found a staircase to the Orcish Mines.
 16928 | D:11     | Identified the +2 robe of the Butcher {rElec}
 16961 | D:11     | Paralysed by a kobold for 4 turns
 17086 | D:11     | Found Xapeot's Antique Weapon Shop.
 17671 | D:12     | Reached skill level 1 in Stealth
 17827 | D:12     | Found an ornate altar of the Wu Jian Council.
 18021 | D:12     | Annihilated by a very large slime creature

Illustrated notes

Levels and vault maps discovered:
D:1:      onia_arrival_mini_maze_b, layout_loops_ring, roderic_roman_lattice,
          roderic_serpentine_path
D:2:      layout_basic, nicolae_qazlal_eye_of_the_storm
D:3:      layout_basic, nzn_wu_jian_contemplation
D:4:      minmay_inner_zag, layout_gridville, minmay_temple_entry_mist,
          nemelex_lonely_heart_becter, uniq_robin, uniq_eustachio
D:5:      cheibrodos_iron_armory, layout_rooms, dancing_weapons_uskayaw,
          serial_bayou_pond_c
D:6:      layout_loops_cross, grunt_temple_overflow_lords_of_destruction
D:7:      layout_layer_cave, ashenzari_altar_1, zin_academy, serial_shops, shop,
          hangedman_misty_isle
D:8:      layout_gridville, grunt_lair_entry_orc_guard_hut, uniq_psyche
D:9:      layout_layer_cave, kennysheep_little_box, general_overflow_altar,
          serial_shops, shop
D:10:     minmay_the_grid_octo_tiled_octocenter [minmay_the_grid_octo_77,
          minmay_the_grid_octo_toaster, minmay_the_grid_octo_concentric,
          minmay_the_grid_octo_checkerflower, minmay_the_grid_octo_prize_big_c,
          minmay_the_grid_square_5x5_n_small, minmay_the_grid_square_5x5_eight,
          minmay_the_grid_square_5x5_doubleslash,
          minmay_the_grid_square_5x5_corner], layout_long_grid
D:11:     layout_basic, orc_0_dummy, serial_shops, kennysheep_mini
D:12:     layout_basic, basic_altar
Temple:   dshaligram_water_room_temple
Lair:1:   layout_hall_layers
Lair:2:   nzn_winding_woodlands_small [nzn_winding_woodlands_5x15_cabin,
          nzn_winding_woodlands_center_diamonds,
          nzn_winding_woodlands_5x15_concentric], layout_regular_city,
          chequers_serial_rivers_micro_a, beast_lair_carwin_10, uniq_fannar
Lair:3:   layout_cave_shapes
Lair:4:   beast_lair_carwin_large_1, layout_cave_pods, minmay_swamp_entry_swarm,
          nicolae_spider_entry_non_spiders, nzn_sisyphean_effort

Skill      XL: |  1  2  3  4  5  6  7  8  9 10 11 12 13 |
---------------+----------------------------------------+-----
Maces & Flails | 3 4 5 6 8 9 11 12 | 12.0
Throwing       | 2 3 4 |  4.6
Fighting       | 2 3 4 5 6 7 8 10 | 10.4
Dodging        | 3 |  3.6
Armour         | 3 5 6 8 9 |  9.5
Staves         | 3 6 8 |  8.3
Stealth        | 1 |  1.6

Action                   |  1- 3 |  4- 6 |  7- 9 | 10-12 | 13-15 || total
-------------------------+-------+-------+-------+-------+-------++-------
Melee: Flail             |    32 |       |       |       |       ||    32
       Whip              |    94 |   251 |   907 |   723 |    19 ||  1994
       Lajatang          |       |       |       |   319 |   256 ||   575
Throw: Throwing net      |       |       |     7 |       |       ||     7
Evoke: Wand              |       |       |       |     8 |     1 ||     9
  Use: Scroll            |     7 |       |     6 |    14 |     2 ||    29
       Potion            |       |       |       |     1 |       ||     1
 Stab: Sleeping          |     3 |       |     1 |     4 |       ||     8
       Held in net/web   |       |       |     4 |       |       ||     4
       Distracted        |       |       |       |     5 |     2 ||     7
Armor: Robe              |    45 |    85 |   299 |    88 |       ||   517
       Shadow dragon sca |       |       |       |   535 |       ||   535
       Troll leather arm |       |       |       |     3 |   121 ||   124
Dodge: Dodged            |    66 |   110 |   393 |   402 |   126 ||  1097
